 Dungeon Crawl Stone Soup version 0.29-a0-1027-gcd8c55af63 (webtiles) character file.

Game seed: 3015956140273683653

25603 siradein the Fighter (level 13, -3/117 HPs)
             Began as a Hill Orc Fighter on Aug 13, 2022.
             Was a High Priest of Fedhas.
             Slain by a yak (6 damage)
             ... on level 1 of the Lair of Beasts.
             The game lasted 00:40:53 (16419 turns).

siradein the Fighter (Hill Orc Fighter)            Turns: 16419, Time: 00:40:53

Health: -3/117     AC: 27    Str: 24    XL:     13   Next: 20%
Magic:  20/20      EV: 10    Int:  8    God:    Fedhas [*****.]
Gold:   756        SH:  5    Dex: 10    Spells: 12/12 levels left

rFire   . . .      SeeInvis +   a - +7 lajatang of Order {silver, rMut}
rCold   . . .      Faith    .   (shield currently unavailable)
rNeg    . . .      Spirit   .   u - +0 shadow dragon scales
rPois   .          Reflect  +   (no helmet)
rElec   .          Harm     .   I - +1 cloak
rCorr   .          Rampage  .   n - +0 pair of gloves
rMut    +                       G - +2 pair of boots
Will    .....                   U - amulet of reflection
Stlth   ++........              K - +4 ring of protection
HPRegen 0.29/turn               r - ring of see invisible
MPRegen 0.17/turn

@: slowed, very slow
A: no striking features
a: Renounce Religion, Wall of Briars, Grow Ballistomycete, Overgrow, Grow Oklob


You were on level 1 of the Lair of Beasts.
You worshipped Fedhas.
Fedhas was extremely pleased with you.
You visited 3 branches of the dungeon, and saw 14 of its levels.
You also visited: Bailey.

You collected 768 gold pieces.
You spent 12 gold pieces at shops.

Inventory:

Hand Weapons
 a - the +7 lajatang of Order (weapon) {silver, rMut}
   (You found it on level 7 of the Dungeon)

   It inflicts extra damage upon those it strikes, and deals substantially
   increased damage to chaotic, mutated and magically transformed beings.
   rMut:      It protects you from mutation.
 b - a +0 morningstar
Missiles
 p - a throwing net
 q - 11 poisoned darts
 v - 21 boomerangs (quivered)
 y - a curare-tipped dart
 N - 5 silver javelins
Armour
 n - a +0 pair of gloves (worn)
 u - +0 shadow dragon scales (worn)
 G - a +2 pair of boots (worn)
 I - a +1 cloak (worn)
Jewellery
 g - a ring of protection from cold
 l - an amulet of guardian spirit
 r - a ring of see invisible (right hand)
 K - a +4 ring of protection (left hand)
 T - a ring of protection from fire
 U - an amulet of reflection (around neck)
Wands
 d - a wand of digging (10)
 w - a wand of iceblast (5)
 J - a wand of paralysis (2)
 M - a wand of acid (11)
 O - a wand of polymorph (12)
Scrolls
 c - a scroll of vulnerability {unknown}
 e - 6 scrolls of teleportation
 i - 3 scrolls of blinking {unknown}
 m - 2 scrolls of magic mapping {unknown}
 s - 2 scrolls of fear
 t - 2 scrolls of torment {unknown}
 C - 7 scrolls of butterflies
 F - 4 scrolls of amnesia
 H - a scroll of immolation {unknown}
 L - 3 scrolls of poison {unknown}
 P - a scroll of enchant weapon {unknown}
 R - a scroll of acquirement {unknown}
Potions
 f - 2 potions of curing
 h - 3 potions of berserk rage {unknown}
 k - 2 potions of mutation
 o - 2 potions of invisibility {unknown}
 x - 2 potions of lignification {unknown}
 z - a potion of magic {unknown}
 A - 2 potions of resistance {unknown}
 B - 2 potions of might
 D - 2 potions of flight {unknown}
 E - 2 potions of brilliance {unknown}
 Q - 2 potions of attraction {unknown}


   Skills:
 + Level 11.8 Fighting
 - Level 8.9 Axes
 * Level 11.1 Staves
 + Level 10.8 Armour
 + Level 4.5 Dodging
 - Level 7.9 Shields
 + Level 9.7 Invocations


You had 12 spell levels left.
You didn't know any spells.
Your spell library contained the following spells:

 Spells                   Type           Power      Damage    Failure   Level
 Apportation              Tloc           0%         N/A       92%         1
 Necrotise                Necr           0%         1d4       92%         1
 Summon Small Mammal      Summ           0%         N/A       92%         1
 Ensorcelled Hibernation  Hex/Ice        0%         N/A       98%         2
 Passwall                 Tmut/Erth      0%         N/A       98%         2
 Dazzling Flash           Conj/Hex       0%         N/A       100%        3
 Portal Projectile        Hex/Tloc       0%         N/A       100%        3
 Swiftness                Air            0%         N/A       100%        3
 Tukima's Dance           Hex            0%         N/A       100%        3
 Fulminant Prism          Conj/Hex       0%         3d6       100%        4
 Iskenderun's Mystic Bla  Conj/Tloc      0%         2d3       100%        4
 Agony                    Necr           0%         N/A       100%        5
 Alistair's Intoxication  Tmut/Pois      0%         N/A       100%        5
 Blade Hands              Tmut           0%         N/A       100%        5
 Lee's Rapid Deconstruct  Erth           0%         3d5*      100%        5
 Silence                  Hex/Air        0%         N/A       100%        5


Dungeon Overview and Level Annotations

Branches:
Dungeon (11/15)            Temple (1/1) D:5            Lair (2/5) D:8
    Orc (0/2) D:10         Bailey (visited)
  Swamp: Lair:2-3    Shoals: Lair:2-3     Snake: Lair:2-3    Spider: Lair:2-3

Altars:
Ashenzari
Cheibriados
Dithmenos
Elyvilon
Fedhas
Gozag
Hepliaklqana
Kikubaaqudgha
Nemelex Xobeh
Okawaru
Qazlal
Ru
Sif Muna
Trog
Uskayaw
Vehumet
Wu Jian
Xom
Yredelemnul
Zin
The Shining One

Shops:
D:3 :(**!

Annotations:
D:11 exclusion: orange crystal statue


Message History

The cane toad barely misses you. The yak barely misses you.
The yak gores you but does no damage. x2; The torpor snail barely misses you.
The cane toad barely misses you. The yak barely misses you.
You block the yak's attack. The yak misses you.
You slash the cane toad!
You kill the cane toad!
Fedhas appreciates your contribution to the ecosystem.
* * * LOW HITPOINT WARNING * * *
You feel sick. You block the torpor snail's attack. You block the yak's attack.
The yak gores you.
* * * LOW HITPOINT WARNING * * *
The yak gores you but does no damage.
You feel better. The yak gores you.
* * * LOW HITPOINT WARNING * * *
The yak gores you but does no damage. x2
The torpor snail bites you but does no damage.
The torpor snail attacks as you move away!
The torpor snail bites you but does no damage.
The yak completely misses you.
The yak gores you but does no damage. x2
The yak completely misses you.
You see here a cane toad corpse.
The yak gores you.
* * * LOW HITPOINT WARNING * * *
The yak gores you but does no damage.
You hit the yak.
The yak is lightly wounded.
The yak gores you but does no damage.
You barely miss the yak.
The yak is lightly wounded.
The yak gores you.
* * * LOW HITPOINT WARNING * * *
You slash the yak!
The yak is heavily wounded.
The yak gores you but does no damage.
You slice the yak!!
You kill the yak!
Fedhas appreciates your contribution to the ecosystem.
The yak gores you.
You die...
Fedhas appreciates your contribution to the ecosystem.

#.........+..##..........#
##..#
#.........#####.........## #.##
##.#'###### ##'######## #..P
###....## #P.### ##+. ##....##
#P...# #... #......# ####.#
#... #......#
#####.###########...
##......####w##......#.##..+...
#.......#..>YY@...............[
##......#...###......#######...
#......##.## #......# #...
##......#..# #......## #...
#.........P# #.......# #...
#.......#### ##..##### ##.#
##......# #...# #.# ##.#..##
#.### #.# #######..### ##.P#
#..


You could see a torpor snail and 2 yaks.

Vanquished Creatures
  An orc warlord (Bailey)
  Josephine (D:11)
  2 hydras (Lair:1)
  A boulder beetle (D:11)
  Nergalle (D:11)
  Pikel (D:4)
  A cyclops (D:11)
  A black mamba (Lair:1)
  2 cane toads (Lair:1)
  An unseen horror (D:11)
  A kobold demonologist (D:10)
  Psyche (D:10)
  A komodo dragon (Lair:1)
  A hornet (D:10)
  Grinder (D:4)
  6 wraiths (D:11)
  3 shadows
  Eustachio (D:5)
  27 yaks
  A basilisk (Lair:1)
  3 wyverns
  4 steam dragons
  Menkaure (D:7)
  4 vampire mosquitoes (D:11)
  2 acid dragons
  Duvessa (D:6)
  A water moccasin (Lair:1)
  A water moccasin (shapeshifter) (D:10)
  6 orc warriors
  2 ice beasts
  5 black bears
  3 wolves (Lair:1)
  5 ogres
  10 centaurs
  A lemure (D:4)
  3 kobold brigands
  4 phantoms
  2 necrophages
  6 bullfrogs
  A gnoll sergeant (D:10)
  3 scorpions
  18 wights
  Dowan (D:6)
  2 troll zombies (D:10)
  10 killer bees (D:9)
  2 howler monkeys (D:9)
  A hound (D:4)
  3 jellies
  4 orc priests
  2 iguanas
  Ijyb (D:4)
  5 orc wizards
  6 ogre zombies (D:10)
  8 gnolls
  9 adders
  A shadow imp (D:5)
  A white imp (D:5)
  4 worms
  6 dart slugs
  35 orcs
  7 ball pythons
  7 endoplasms
  8 giant cockroaches
  9 hobgoblins
  4 jackals (D:4)
  6 quokkas
  6 bats
  6 frilled lizards
  18 goblins
  3 goblin zombies (D:10)
  A hobgoblin skeleton (D:10)
  5 hobgoblin zombies (D:10)
  22 kobolds
  3 orc skeletons (D:10)
  13 orc zombies (D:10)
  8 rats
368 creatures vanquished.

Vanquished Creatures (collateral kills)
  2 ballistomycete spores (Lair:1)
2 creatures vanquished.

Vanquished Creatures (others)
  2 orc wizards
  4 plants
6 creatures vanquished.

Grand Total: 376 creatures vanquished

Notes
Turn   | Place    | Note
-------+----------+-------------------------------------------
     0 | D:1      | siradein the Hill Orc Fighter began the quest for the Orb.
     0 | D:1      | Reached XP level 1. HP: 19/19 MP: 1/1
   241 | D:1      | Reached XP level 2. HP: 27/27 MP: 2/2
   505 | D:1      | Reached XP level 3. HP: 31/33 MP: 3/3
  1253 | D:2      | Reached XP level 4. HP: 39/40 MP: 4/4
  1407 | D:2      | Found a faded altar of an unknown god.
  2271 | D:3      | Noticed an ogre
  2305 | D:3      | Found Wimedab's Book Emporium.
  2310 | D:3      | Found Fumpotan's Weapon Boutique.
  2474 | D:3      | Found Xizogot's Distillery.
  2480 | D:3      | Bought a potion of degeneration for 12 gold pieces
  2712 | D:3      | Reached XP level 5. HP: 47/47 MP: 5/5
  2778 | D:3      | Found Ipueqi's Assorted Antiques.
  2793 | D:3      | Found Ciokkaq's Assorted Antiques.
  2834 | D:3      | HP: 2/47 [orc priest/divine providence (9)]
  2835 | D:3      | Killed an ogre
  2836 | D:3      | Reached skill level 5 in Fighting
  2840 | D:3      | Reached XP level 6. HP: 4/56 MP: 0/6
  3847 | D:4      | Noticed Ijyb
  3855 | D:4      | Killed Ijyb
  3876 | D:4      | Identified the +0 robe of Weapn {Harm}
  4170 | D:4      | Found an opulent altar of Gozag.
  4173 | D:4      | Noticed Grinder
  4176 | D:4      | Paralysed by Grinder for 5 turns
  4183 | D:4      | Paralysed by Grinder for 3 turns
  4190 | D:4      | Paralysed by Grinder for 4 turns
  4198 | D:4      | Paralysed by Grinder for 2 turns
  4200 | D:4      | Killed Grinder
  4201 | D:4      | Reached skill level 5 in Axes
  4201 | D:4      | Reached skill level 5 in Armour
  4201 | D:4      | Reached skill level 5 in Shields
  4201 | D:4      | Reached XP level 7. HP: 38/62 MP: 7/7
  4396 | D:4      | Noticed Pikel
  4469 | D:4      | Killed Pikel
  4470 | D:4      | Reached XP level 8. HP: 49/71 MP: 8/8
  4688 | D:4      | Identified the +1 ring mail of the Forest {rC+ rCorr}
  5175 | D:5      | Entered Level 5 of the Dungeon
  5899 | D:5      | Reached XP level 9. HP: 50/80 MP: 9/9
  6052 | D:5      | Noticed Eustachio
  6063 | D:5      | Killed Eustachio
  6129 | D:5      | Found a staircase to the Ecumenical Temple.
  6139 | Temple   | Entered the Ecumenical Temple
  6188 | Temple   | Became a worshipper of Fedhas Madash
  6313 | D:5      | Found a sparkling altar of Nemelex Xobeh.
  7025 | D:6      | Reached skill level 1 in Invocations
  7515 | D:6      | Noticed Duvessa
  7515 | D:6      | Noticed Dowan
  7565 | D:6      | Killed Duvessa
  7730 | D:6      | Found an ancient bone altar of Kikubaaqudgha.
  7733 | D:6      | Found a shimmering altar of Xom.
  7735 | D:6      | Found a glowing silver altar of Zin.
  7966 | D:6      | Reached * piety under Fedhas
  7987 | D:6      | Killed Dowan
  8226 | D:7      | Found the +7 lajatang of Order {silver, rMut}
  8251 | D:7      | Found a shadowy altar of Dithmenos.
  8347 | D:7      | Reached skill level 1 in Staves
  8347 | D:7      | Reached XP level 10. HP: 49/85 MP: 11/13
  8692 | D:7      | Found a flagged portal.
  8706 | Bailey   | Entered a bailey
  8721 | Bailey   | Noticed an orc warlord
  8775 | Bailey   | Reached skill level 5 in Invocations
  9032 | Bailey   | Found a runed translucent gate.
  9032 | Bailey   | Found a runed translucent gate.
  9032 | Bailey   | Found a runed translucent gate.
  9179 | Bailey   | Killed an orc warlord
  9210 | Bailey   | Reached XP level 11. HP: 42/99 MP: 15/15
  9643 | D:7      | Found a basalt altar of Yredelemnul.
  9645 | D:7      | Found a radiant altar of Vehumet.
  9915 | D:7      | Noticed Menkaure
  9921 | D:7      | Killed Menkaure
  9961 | D:7      | Reached ** piety under Fedhas
 10094 | D:7      | Found an iron altar of Okawaru.
 10444 | D:8      | Reached skill level 10 in Fighting
 10444 | D:8      | Reached skill level 1 in Dodging
 10544 | D:8      | Found an ornate altar of the Wu Jian Council.
 10575 | D:8      | Found a staircase to the Lair.
 11152 | D:9      | Found a white marble altar of Elyvilon.
 11301 | D:9      | Reached *** piety under Fedhas
 11536 | D:9      | Reached XP level 12. HP: 94/107 MP: 17/17
 11859 | D:10     | Entered Level 10 of the Dungeon
 11874 | D:10     | Found a staircase to the Orcish Mines.
 11881 | D:10     | Reached skill level 10 in Staves
 11912 | D:10     | Reached **** piety under Fedhas
 12149 | D:10     | Noticed Psyche
 12261 | D:10     | Killed Psyche
 13073 | D:10     | Paralysed by a hornet for 1 turns
 13368 | D:11     | Noticed a boulder beetle
 13385 | D:11     | Killed a boulder beetle
 13448 | D:11     | Found a runed translucent door.
 13466 | D:11     | Found a runed translucent door.
 13490 | D:11     | Found a runed translucent door.
 13506 | D:11     | Found a runed translucent door.
 13735 | D:11     | Reached skill level 10 in Armour
 13965 | D:11     | Noticed Nergalle
 13986 | D:11     | Killed Nergalle
 14137 | D:11     | Noticed Josephine
 14163 | D:11     | Killed Josephine
 14163 | D:11     | Reached ***** piety under Fedhas
 15065 | Lair:1   | Entered Level 1 of the Lair of Beasts
 15079 | Lair:1   | Noticed a six-headed hydra
 15101 | Lair:1   | HP: 3/110 [six-headed hydra (5)]
 15104 | Lair:1   | Killed a six-headed hydra
 15105 | Lair:1   | Reached XP level 13. HP: 32/116 MP: 19/19
 16410 | Lair:1   | HP: 3/117 [poisoned by a cane toad]
 16411 | Lair:1   | HP: 1/117 [yak[a torpor snail] (1)]
 16417 | Lair:1   | HP: 2/117 [yak (4)]
 16419 | Lair:1   | Slain by a yak

Illustrated notes

Levels and vault maps discovered:
D:1:      eino_arrival_druids_welcome, layout_loops_ring, serial_glass,
          glass_columns_b, glass_columns_a
D:2:      kennysheep_the_goblin_king, layout_loops_ring,
          ebering_ecumenical_altar_mist, nicolae_hexahallways,
          minmay_increasing_density
D:3:      layout_basic, serial_shops, shop, shop, shop,
          nicolae_shop_statue_plus, shop
D:4:      kennysheep_spiral_hall, layout_loops_cross,
          nicolae_gozag_seed_capital, uniq_pikel, uniq_ijyb, uniq_grinder
D:5:      layout_basic, nemelex_altar_shiori, minmay_temple_entry_mist,
          uniq_eustachio
D:6:      layout_basic, grunt_temple_overflow_open, uniq_duvessa
D:7:      cheibrodos_iron_armory, layout_gridville,
          nicolae_dithmenos_through_a_glass_darkly,
          nicolae_overflow_hidden_temple, enter_bailey_3, uniq_menkaure
D:8:      layout_cave_pods, general_overflow_altar,
          grunt_lair_entry_orc_guard_hut
D:9:      layout_loops_ring, elyvilon_altar_5
D:10:     layout_basic, zombieorc2_lemuel, uniq_psyche
D:11:     layout_cave_pods, minmay_statue_crystal_thing, uniq_josephine,
          uniq_nergalle
Temple:   zaba_magenta_temple
Lair:1:   layout_roguey
Lair:2:   layout_gridlike, spider_nest_entry_web_field, st_stairs_9,
          uniq_maggie, uniq_amaemon, uniq_fannar

Skill      XL: |  1  2  3  4  5  6  7  8  9 10 11 12 13 |
---------------+----------------------------------------+-----
Axes           | 3 4 5 6 7 8 |  8.9
Fighting       | 4 5 6 7 8 9 10 11 | 11.8
Shields        | 4 5 6 7 |  7.9
Armour         | 4 5 6 8 9 10 | 10.8
Invocations    | 4 5 7 9 |  9.7
Staves         | 1 9 10 11 | 11.1
Dodging        | 2 4 |  4.5

Action                   |  1- 3 |  4- 6 |  7- 9 | 10-12 | 13-15 || total
-------------------------+-------+-------+-------+-------+-------++-------
Melee: War axe           |   117 |   205 |   306 |       |       ||   628
       Lajatang          |       |       |    12 |   506 |    62 ||   580
       Spear             |       |       |       |    18 |    16 ||    34
       Unarmed           |       |       |       |     1 |       ||     1
Throw: Dart              |       |       |       |     3 |       ||     3
Invok: Grow Ballistomyce |       |       |       |       |     1 ||     1
  Use: Potion            |       |     1 |     1 |     6 |     1 ||     9
       Scroll            |       |       |     7 |     3 |     1 ||    11
 Stab: Sleeping          |       |     5 |     4 |     6 |     2 ||    17
       Distracted        |       |       |       |     1 |       ||     1
       Confused          |       |       |       |       |     1 ||     1
Armor: Scale mail        |    66 |    58 |       |       |       ||   124
       Shadow dragon sca |       |    47 |   138 |   352 |    66 ||   603
Dodge: Dodged            |    45 |    72 |    83 |   254 |    55 ||   509
Block: Buckler           |    16 |    53 |   160 |       |       ||   229
       Reflection        |       |     1 |     1 |     9 |       ||    11
       Other             |       |       |     3 |   133 |    25 ||   161

Table legend: (Time is in decaauts)
 A = Elapsed time spent in this place.
 B = Non-inter-level travel time spent in this place.
 C = Inter-level travel time spent in this place.
 D = Time resting spent in this place.
 E = Time spent auto-exploring this place.
 F = Levels seen in this place.
 G = Mean time per level.
                   A        B        C        D        E       F      G
               +--------+--------+--------+--------+--------+-----+--------+
         Total |  16581 |  15640 |    941 |    203 |  12648 |  15 | 1105.4 |
       Dungeon |  14642 |  13736 |    906 |    203 |  11101 |  11 | 1331.1 |
        Temple |     62 |     47 |     15 |      0 |     41 |   1 |   62.0 |
          Lair |   1342 |   1323 |     19 |      0 |   1146 |   2 |  671.0 |
        Bailey |    534 |    534 |      0 |      0 |    360 |   1 |  534.0 |
               +--------+--------+--------+--------+--------+-----+--------+

Top non-repeatable levels by time:
     D:5: 1939 daAuts
    D:11: 1593 daAuts
     D:4: 1558 daAuts
     D:2: 1444 daAuts
    D:10: 1423 daAuts
  Lair:1: 1325 daAuts
     D:3: 1320 daAuts
     D:7: 1318 daAuts
     D:6: 1262 daAuts
     D:1: 987 daAuts
     D:8: 969 daAuts
     D:9: 825 daAuts
  Bailey: 534 daAuts
  Temple: 62 daAuts
  Lair:2: 16 daAuts
